 Dungeon Crawl Stone Soup version 0.29-a0-275-g389c0b56f3 (webtiles) character file.

Game seed: 4469494785857793069

277 Colgate the Merchant of Misery (level 6, -8/28 HPs)
             Began as a Spriggan Enchanter on Mar 9, 2022.
             Was a Believer of Kikubaaqudgha.
             Killed by divine providence
             ... invoked by an orc priest
              (17 damage)
             ... on level 4 of the Dungeon.
             The game lasted 00:11:49 (5572 turns).

Colgate the Merchant of Misery (Spriggan Enchanter) Turns: 5572, Time: 00:11:49

Health: -8/28      AC:  3    Str:  4    XL:     6   Next: 4%
Magic:  5/11       EV: 17    Int: 19    God:    Kikubaaqudgha [**....]
Gold:   63         SH:  0    Dex: 15    Spells: 9/10 levels left

rFire   . . .      SeeInvis +   a - +0 rapier
rCold   . . .      Faith    .   (no shield)
rNeg    . . .      Spirit   .   b - +0 robe
rPois   .          Reflect  .   (helmet restricted)
rElec   .          Harm     .   e - +0 cloak
rCorr   .          Rampage  .   (gloves unavailable)
Will    +....                   (boots unavailable)
Stlth   +++.......              (no amulet)
HPRegen 0.09/turn               (no ring)
MPRegen 0.12/turn               (no ring)

@: very quick
A: very small, no large weapons, unfitting armour, see invisible, speed 3
a: Renounce Religion, Receive Corpses


You were on level 4 of the Dungeon.
You worshipped Kikubaaqudgha.
Kikubaaqudgha was pleased with you.
You visited 2 branches of the dungeon, and saw 5 of its levels.

You collected 99 gold pieces.
You spent 36 gold pieces at shops.

Inventory:

Hand Weapons
 a - a +0 rapier (weapon)
Armour
 b - a +0 robe (worn)
 e - a +0 cloak (worn)
Magical Staves
 q - a staff of cold
Wands
 o - a wand of iceblast (4) {@v2}
Scrolls
 d - a scroll of vulnerability {unknown}
 h - 5 scrolls of identify {unknown}
 j - a scroll of noise {unknown}
 l - a scroll of fear {unknown}
 m - a scroll of teleportation {unknown}
 n - a scroll of enchant weapon {unknown}
 p - a scroll of fog {unknown}
Potions
 c - 2 potions of invisibility
 f - a potion of haste {unknown}
 g - a potion of brilliance {unknown}
 i - a potion of lignification {unknown}
 k - 2 potions of curing {@q1}


   Skills:
 - Level 1.1 Short Blades
 - Level 2.6 Dodging
 - Level 4.4 Stealth
 - Level 2.6 Spellcasting
 - Level 3.7 Hexes
 + Level 5.3 Necromancy


You had 9 spell levels left.
You knew the following spells:

 Your Spells              Type           Power      Damage    Failure   Level
a - Pain                  Necr           92%        1d8       1%          1

Your spell library contained the following spells:

 Spells                   Type           Power      Damage    Failure   Level
 Animate Skeleton         Necr           46%        N/A       1%          1
 Corpse Rot               Necr/Air       24%        N/A       8%          2
 Confusing Touch          Hex            16%        N/A       10%         3
 Tukima's Dance           Hex            16%        N/A       10%         3
 Ensorcelled Hibernation  Hex/Ice        18%        N/A       11%         2
 Sting                    Tmut/Pois      8%         1d3       16%         1
 Summon Small Mammal      Summ           8%         N/A       16%         1
 Dazzling Flash           Conj/Hex       18%        N/A       22%         3
 Summon Guardian Golem    Hex/Summ       9%         N/A       22%         3
 Poisonous Vapours        Pois/Air       4%         N/A       24%         2
 Anguish                  Hex/Necr       9%         N/A       24%         4
 Call Canine Familiar     Summ           2%         N/A       43%         3
 Agony                    Necr           23%        N/A       43%         5
 Olgreb's Toxic Radiance  Pois           2%         N/A       83%         4
 Enfeeble                 Hex            8%         N/A       100%        7


Dungeon Overview and Level Annotations

Branches:
Dungeon (4/15)             Temple (1/1) D:4

Altars:
Cheibriados
Dithmenos
Elyvilon
Fedhas
Hepliaklqana
Kikubaaqudgha
Nemelex Xobeh
Okawaru
Qazlal
Ru
Trog
Vehumet
Xom
Zin

Shops:
D:3 !


Innate Abilities, Weirdness & Mutations

You are very small and have problems with some larger weapons.
You are too small for most types of armour.
You have supernaturally acute eyesight. (SInv)
You cover ground extremely quickly. (Speed+++)


Message History

You see here 17 stones.
You see here a +0 hand axe.
A hobgoblin comes into view.
You see here a +1 dagger.
An orc priest and an orc come into view.
The orc is wielding a +1 dagger of draining.
The hobgoblin shouts!
The orc priest shouts!
The orc priest writhes in agony.
A necrophage comes into view.
You see here a +1 dagger.
The orc priest attacks as you move away!
The orc priest hits you with a +0 dagger.
The orc priest writhes in agony.
The orc priest calls down the wrath of Beogh upon you.
Beogh smites you!
The orc priest looks satisfied for a moment.
You see here a +0 hand axe.
Aiming: Pain (safe; 1% risk of failure)
Aim: an orc, wielding a +1 dagger of draining (chance to affect: 91%)
The orc writhes in agony.
Aiming: Pain (safe; 1% risk of failure)
Aim: an orc, wielding a +1 dagger of draining (lightly wounded, chance to affect: 91%)
The orc writhes in agony!
You kill the orc!
Kikubaaqudgha accepts your kill.
Aiming: Pain (safe; 1% risk of failure)
Aim: an orc priest, wielding a +0 dagger and wearing a +0 leather armour (heavily wounded, chance to affect: 81%)
The orc priest writhes in agony.
Aiming: Pain (safe; 1% risk of failure)
Aim: an orc priest, wielding a +0 dagger and wearing a +0 leather armour (heavily wounded, chance to affect: 81%)
The orc priest writhes in agony.
Aiming: Pain (safe; 1% risk of failure)
Aim: an orc priest, wielding a +0 dagger and wearing a +0 leather armour (almost dead, chance to affect: 81%)
The orc priest writhes in agony.
The orc priest invokes the aid of Beogh against you.
Beogh smites you!
Ouch! That really hurt!
You die...
Kikubaaqudgha rasps: "You have failed me!
Welcome... death!"

#.###..># ####..(.......#
#.#####.###########..........#
## #..##
#...........#..........#
.####..#
###########.#..........#
.......# #....†.))....#
##.....##### ####....<.....
####...o..# ##......### #
##.....#################### #.
#)###.n.go.@.......#
##..#.#######..........#
#....g..).# ###...(....##
#.#.....o.# #.........########
#.n.....# #########...>....#
#.......... ####.....#
##.#.......##. ####..#
...#.......# #..# ....###.####
##..


You could see a necrophage, an orc priest and a hobgoblin.

Vanquished Creatures
  2 scorpions (D:3)
  A hound (D:3)
  An iguana (D:4)
  4 adders
  A shadow imp (D:4)
  A worm (D:2)
  3 dart slugs
  An orc (D:4)
  A bat (D:1)
  3 endoplasms
  3 giant cockroaches
  5 goblins
  4 hobgoblins
  10 kobolds
  2 quokkas
  5 ball pythons
  2 frilled lizards
  8 rats
57 creatures vanquished.

Notes
Turn   | Place    | Note
-------+----------+-------------------------------------------
     0 | D:1      | Colgate the Spriggan Enchanter began the quest for the Orb.
     0 | D:1      | Reached XP level 1. HP: 9/9 MP: 5/5
    66 | D:1      | Found a faded altar of an unknown god.
    76 | D:1      | Prayed at the altar of an unknown god.
    76 | D:1      | Became a worshipper of Kikubaaqudgha
    76 | D:1      | Reached * piety under Kikubaaqudgha
    76 | D:1      | Received a gift from Kikubaaqudgha
    86 | D:1      | Learned a level 1 spell: Pain
   376 | D:1      | Reached skill level 1 in Necromancy
   595 | D:1      | Reached XP level 2. HP: 6/13 MP: 0/6
  1007 | D:1      | Reached skill level 2 in Necromancy
  1787 | D:2      | Reached XP level 3. HP: 16/16 MP: 8/8
  2347 | D:2      | Reached ** piety under Kikubaaqudgha
  2432 | D:2      | Reached skill level 3 in Necromancy
  3280 | D:3      | Noticed a scorpion
  3321 | D:3      | Reached XP level 4. HP: 13/21 MP: 3/9
  3602 | D:3      | Killed a scorpion
  3603 | D:3      | Reached skill level 4 in Necromancy
  3830 | D:3      | Found Oruhoth's Distillery.
  3869 | D:3      | Bought a potion of curing for 36 gold pieces
  3981 | D:3      | Found a white marble altar of Elyvilon.
  4325 | D:3      | Reached XP level 5. HP: 21/24 MP: 7/10
  4808 | D:3      | Reached skill level 5 in Necromancy
  5066 | D:4      | Found a staircase to the Ecumenical Temple.
  5075 | Temple   | Entered the Ecumenical Temple
  5478 | D:4      | Reached XP level 6. HP: 24/28 MP: 5/11
  5572 | D:4      | Killed from afar by an orc priest

Illustrated notes

Levels and vault maps discovered:
D:1:      saegor_arrival_simple_a, layout_loops_ring,
          shapermc_ecumenical_altar_pompeii
D:2:      layout_loops_corners
D:3:      layout_basic, elyvilon_altar_3, serial_shops, shop, hex_intersection
D:4:      layout_rooms, lemuel_temple_firewalk_b
Temple:   dshaligram_water_room_temple

Skill      XL: |  1  2  3  4  5 |
---------------+----------------+-----
Necromancy     | 1 2 3 4 5 |  5.3
Short Blades   | |  1.1
Dodging        | |  2.6
Stealth        | |  4.4
Spellcasting   | |  2.6
Hexes          | |  3.7

Action                   |  1- 3 |  4- 6 || total
-------------------------+-------+-------++-------
Melee: Dagger            |     9 |     7 ||    16
 Cast: Pain              |    71 |    69 ||   140
 Stab: Sleeping          |     5 |     2 ||     7
Armor: Robe              |     4 |     1 ||     5
Dodge: Dodged            |    12 |    15 ||    27

Table legend: (Time is in decaauts)
 A = Elapsed time spent in this place.
 B = Non-inter-level travel time spent in this place.
 C = Inter-level travel time spent in this place.
 D = Time resting spent in this place.
 E = Time spent auto-exploring this place.
 F = Levels seen in this place.
 G = Mean time per level.
                   A        B        C        D        E       F      G
               +--------+--------+--------+--------+--------+-----+--------+
         Total |   4283 |   4206 |     77 |    100 |   3496 |   5 |  856.6 |
       Dungeon |   4202 |   4139 |     63 |    100 |   3436 |   4 | 1050.5 |
        Temple |     80 |     66 |     14 |      0 |     60 |   1 |   80.0 |
               +--------+--------+--------+--------+--------+-----+--------+

Top non-repeatable levels by time:
     D:1: 1294 daAuts
     D:2: 1263 daAuts
     D:3: 1228 daAuts
     D:4: 416 daAuts
  Temple: 80 daAuts
